 Dungeon Crawl Stone Soup version 0.28.0-43-g3370ac3207 (webtiles) character file.

Game seed: 16366290940059170371

18 jimonade the Cutter (level 2, -8/20 HPs)
             Began as a Gnoll Wanderer on Mar 13, 2022.
             Mangled by a gnoll
             ... wielding a +0 flail
              (13 damage)
             ... on level 1 of the Dungeon.
             The game lasted 00:01:39 (861 turns).

jimonade the Cutter (Gnoll Wanderer)                 Turns: 861, Time: 00:01:39

Health: -8/20      AC:  2    Str:  8    XL:     2   Next: 66%
Magic:  5/5        EV: 12    Int: 14    God:
Gold:   20         SH:  0    Dex: 11    Spells: 5/6 levels left

rFire   . . .      SeeInvis .   a - +0 short sword
rCold   . . .      Faith    .   (no shield)
rNeg    . . .      Spirit   .   c - +0 robe
rPois   .          Reflect  .   (no helmet)
rElec   .          Harm     .   (no cloak)
rCorr   .          Rampage  .   (no gloves)
Will    .....                   (no boots)
Stlth   +.........              (no amulet)
HPRegen 0.06/turn               (no ring)
MPRegen 0.09/turn               (no ring)

@: no status effects
A: fangs 1, strong nose, distributed training
a: no special abilities


You were on level 1 of the Dungeon.
You visited 1 branch of the dungeon, and saw 1 of its levels.

You collected 20 gold pieces.

Inventory:

Hand Weapons
 a - a +0 short sword (weapon)
Missiles
 d - 28 stones (quivered)
Armour
 c - a +0 robe (worn)
Wands
 b - a wand of flame (6)
Scrolls
 e - a scroll of amnesia {unknown}
Potions
 f - a potion of haste {unknown}
 g - a potion of might {unknown}


   Skills:
 + Level 0.5 Fighting
 + Level 6.5 Short Blades
 + Level 0.5 Long Blades
 + Level 0.5 Axes
 + Level 0.5 Maces & Flails
 + Level 0.5 Polearms
 + Level 0.5 Staves
 + Level 0.5 Slings
 + Level 0.5 Bows
 + Level 0.5 Crossbows
 + Level 0.5 Throwing
 + Level 2.5 Armour
 + Level 2.5 Dodging
 + Level 0.5 Stealth
 + Level 0.5 Shields
 + Level 0.5 Unarmed Combat
 + Level 2.7 Spellcasting
 + Level 0.3 Conjurations
 + Level 0.3 Hexes
 + Level 0.3 Summonings
 + Level 0.3 Necromancy
 + Level 0.3 Translocations
 + Level 0.3 Transmutations
 + Level 0.3 Fire Magic
 + Level 5.3 Ice Magic
 + Level 0.3 Air Magic
 + Level 0.3 Earth Magic
 + Level 0.3 Poison Magic
 + Level 0.6 Invocations
 + Level 2.5 Evocations


You had 5 spell levels left.
You knew the following spells:

 Your Spells              Type           Power      Damage    Failure   Level
a - Freeze                Ice            68%        1d8       2%          1

Your spell library contained the following spells:

 Spells                   Type           Power      Damage    Failure   Level
 Ozocubu's Armour         Ice            17%        N/A       7%          3
 Ensorcelled Hibernation  Hex/Ice        18%        N/A       11%         2


Dungeon Overview and Level Annotations

Branches:
Dungeon (1/15)

Altars:


Innate Abilities, Weirdness & Mutations

You have very sharp teeth.
Your uncanny sense of smell can sniff out nearby items.
Your experience applies equally to all skills.


Message History

You hit the dart slug.
You kill the dart slug!
No target in view!
No target in view!
You see here a dart slug corpse.
d - 31 stones (gained 1)
d - 32 stones (gained 1)
A gnoll comes into view. It is wielding a +0 flail.
A gnoll is nearby!
You throw a stone. The stone hits the gnoll.
The gnoll shouts!
The gnoll is lightly wounded.
You throw a stone.
The stone hits the gnoll but does no damage.
The gnoll is lightly wounded.
You throw a stone.
The stone hits the gnoll but does no damage.
The gnoll is lightly wounded.
You throw a stone.
The stone hits the gnoll but does no damage.
The gnoll is lightly wounded.
The gnoll hits you with a +0 flail.
You hit the gnoll.
The gnoll is moderately wounded.
You hit the gnoll but do no damage. Your bite misses the gnoll.
The gnoll is moderately wounded.
The gnoll hits you with a +0 flail!
Ouch! That really hurt!
* * * LOW HITPOINT WARNING * * *
You are too injured to fight recklessly!
You are too injured to fight recklessly!
You are too injured to fight recklessly!
You are too injured to fight recklessly!
You are too injured to fight recklessly!
Unknown command.
You hit the gnoll but do no damage.
The gnoll is moderately wounded.
The gnoll hits you with a +0 flail!
Ouch! That really hurt!
You die...

################
#.............†.
#.############## #.# #.#
######## #.# #......#
.(.######.#####......###
...(((g@......'......+..
#########.#####......###
#........# #....).#
#.######.# #.....†###
#.#...##### #######...
#.#.#.#...# #... #.#.#.#.#.#
#... #.#.#.#.#.##### ####
######.#.#.#.#.#...#########


You could see a gnoll.

Vanquished Creatures
  2 dart slugs (D:1)
  An endoplasm (D:1)
  A giant cockroach (D:1)
  A goblin (D:1)
  A hobgoblin (D:1)
  A quokka (D:1)
  3 ball pythons (D:1)
  A bat (D:1)
  A frilled lizard (D:1)
  A rat (D:1)
13 creatures vanquished.

Notes
Turn   | Place    | Note
-------+----------+-------------------------------------------
     0 | D:1      | jimonade the Gnoll Wanderer began the quest for the Orb.
     0 | D:1      | jimonade set off with the following items: a +0 short
                  | sword, a wand of flame (6), a +0 robe; and the following
                  | spell memorised: Freeze; and the following spells available
                  | to memorise: Ozocubu's Armour, Ensorcelled Hibernation
     0 | D:1      | Reached XP level 1. HP: 13/13 MP: 4/4
    76 | D:1      | Found a faded altar of an unknown god.
   339 | D:1      | Reached XP level 2. HP: 19/19 MP: 5/5
   861 | D:1      | Mangled by a gnoll

Illustrated notes

Levels and vault maps discovered:
D:1:      minmay_arrival_shattered_statue, layout_basic,
          dreamdust_ecumenical_altar_statues

Action                   || total
-------------------------++-------
Melee: Short sword       ||    43
       Bite              ||     3
Throw: Stone             ||    41
 Cast: Freeze            ||     1
Armor: Robe              ||     6
Dodge: Dodged            ||    33
